 Dungeon Crawl Stone Soup version 0.30-a0-939-gc8157cb160 (webtiles) character file.

Game seed: 13550806474193925111

47 Morbidden the Insei (level 3, -3/26 HPs)
             Began as a Demonspawn Transmuter on Mar 25, 2023.
             Slain by an iguana (13 damage)
             ... on level 2 of the Dungeon.
             The game lasted 00:01:15 (1011 turns).

Morbidden the Insei (Demonspawn Transmuter)         Turns: 1011, Time: 00:01:16

Health: -3/26      AC:  2    Str: 10    XL:     3   Next: 48%
Magic:  6/6        EV: 12    Int: 16    God:
Gold:   43         SH:  0    Dex: 13    Spells: 5/6 levels left

rFire   . . .      SeeInvis .      - Unarmed
rCold   . . .      Faith    .    (no shield)
rNeg    . . .      Spirit   .    a - +0 robe
rPois   .          Reflect  .    h - melded +0 helmet
rElec   .          Rampage  .    (no cloak)
rCorr   .                        (no gloves)
Will    .....                    (boots currently unavailable)
Stlth   +                        (no amulet)
HPRegen 0.24/turn                (no ring)
MPRegen 0.20/turn                (no ring)

@: appendages
A: horns 2, talons 2, hooves 1, magic regeneration
a: End Transformation


You were on level 2 of the Dungeon.
You had temporarily grown beastly horns and talons.
You visited 1 branch of the dungeon, and saw 2 of its levels.

You collected 43 gold pieces.

Inventory:

Armour
 a - a +0 robe (worn)
 h - a +0 helmet (melded)
Scrolls
 c - a scroll of fog {unknown}
 d - 2 scrolls of teleportation {unknown}
 e - 4 scrolls of identify {unknown}
 i - a scroll of poison {unknown}
Potions
 b - a potion of lignification
 f - 4 potions of flight {unknown}
 g - a potion of curing {unknown}
 j - 2 potions of magic {unknown}


   Skills:
 * Level 1.3 Fighting
 * Level 0.6 Armour
 * Level 2.0 Dodging
 + Level 0.5 Stealth
 * Level 3.4 Unarmed Combat
 * Level 2.1 Spellcasting
 * Level 2.0 Transmutations


You had 5 spell levels left.
You knew the following spells:

 Your Spells              Type           Power      Damage    Failure   Level
a - Beastly Appendage     Tmut           16%        N/A       9%          1

Your spell library contained the following spells:

 Spells                   Type           Power      Damage    Failure   Level
 Wereblood                Tmut           8%         N/A       13%         2
 Spider Form              Tmut/Pois      5%         N/A       38%         3
 Ice Form                 Ice/Tmut       5%         N/A       80%         4


Dungeon Overview and Level Annotations

Branches:
Dungeon (2/15)

Altars:


Innate Abilities, Weirdness & Mutations

You have temporarily grown beastly horns and talons.
You have large cloven feet.
You regenerate magic rapidly.


Message History

The iguana barely misses you.
You closely miss the iguana.
The iguana is lightly wounded.
The iguana barely misses you.
You hit the iguana. You kick the iguana.
The iguana is heavily wounded.
The iguana bites you.
Unknown command.
You hit the iguana. Your kick misses the iguana.
The iguana is severely wounded.
The iguana barely misses you.
Unknown command.
Casting: Beastly Appendage (safe; 9% risk of failure)
Confirm with . or Enter, or press ? or * to list all spells.
You grow a pair of large bovine horns.
Your feet morph into talons.
Your +0 helmet melds into your body.
The iguana closely misses you. The iguana misses you.
You hit the iguana but do no damage. Your kick misses the iguana.
The iguana is severely wounded.
The iguana barely misses you.
Unknown command.
You barely miss the iguana. You claw the iguana, but do no damage.
The iguana is severely wounded.
The iguana bites you.
You hit the iguana but do no damage. You claw the iguana.
The iguana is severely wounded.
The iguana bites you!
You are too injured to fight recklessly!
You are too injured to fight recklessly!
You are too injured to fight recklessly!
Unknown command.
You are too injured to fight recklessly!
You hit the iguana.
The iguana is almost dead.
The iguana bites you.
You closely miss the iguana.
The iguana is almost dead.
The iguana bites you!
Ouch! That really hurt!
You die...

################
................
####.####.####)#
#..'.'.†#.# +.+
#..#.#..#.# #.#
##'#.##'#.##+#.##+#.#
................@l..#
##'#.##'#.##+#.##+#.#
#..#.#..#.#..#.#
'†.#.#..'.'..#.#
####.####†####.####.#
....................#
#####################
.. ##


You could see an iguana.

Vanquished Creatures
  3 adders (D:2)
  3 dart slugs
  A bat (D:1)
  An endoplasm (D:2)
  2 giant cockroaches (D:2)
  A goblin (D:1)
  A kobold (D:1)
  A quokka (D:2)
  A frilled lizard (D:1)
  A rat (D:2)
15 creatures vanquished.

Notes
Turn   | Place    | Note
-------+----------+-------------------------------------------
     0 | D:1      | Morbidden the Demonspawn Transmuter began the quest for the
                  | Orb.
     0 | D:1      | Reached XP level 1. HP: 15/15 MP: 3/3
   769 | D:2      | Gained mutation: You regenerate magic rapidly. [demonic
                  | ancestry]
   769 | D:2      | Reached XP level 2. HP: 8/21 MP: 3/5
   852 | D:2      | Reached skill level 3 in Unarmed Combat
   866 | D:2      | Lost mutation: You have razor-sharp toenails. [demonic
                  | ancestry]
   866 | D:2      | Lost mutation: You have sharp toenails. [demonic ancestry]
   866 | D:2      | Gained mutation: You have large cloven feet. [demonic
                  | ancestry]
   866 | D:2      | Reached XP level 3. HP: 23/26 MP: 6/6
  1011 | D:2      | Slain by an iguana

Illustrated notes

Levels and vault maps discovered:
D:1:      lemuel_arrival_cross, layout_loops_ring, grunt_decor_mini_mirrors,
          kennysheep_decorative_pillar, serial_park_tiny_2
D:2:      minmay_door_path, layout_basic, uniq_natasha

Skill      XL: |  1  2  3 |
---------------+----------+-----
Unarmed Combat | 3 |  3.4
Transmutations | 2 |  2.0
Dodging        | 2 |  2.0
Fighting       | |  1.3
Armour         | |  0.6
Stealth        | |  0.5
Spellcasting   | |  2.1

Action                     || total
---------------------------++-------
  Melee: Unarmed           ||    67
         Kick              ||    14
         Punch             ||     1
         Headbutt          ||     4
   Cast: Beastly Appendage ||     5
   Stab: Sleeping          ||     4
 Armour: Robe              ||    11
  Dodge: Dodged            ||    39

Table legend: (Time is in decaauts)
 A = Elapsed time spent in this place.
 B = Non-inter-level travel time spent in this place.
 C = Inter-level travel time spent in this place.
 D = Time resting spent in this place.
 E = Time spent auto-exploring this place.
 F = Levels seen in this place.
 G = Mean time per level.
                   A        B        C        D        E       F      G
               +--------+--------+--------+--------+--------+-----+--------+
         Total |   1007 |    975 |     32 |     66 |    769 |   2 |  503.5 |
       Dungeon |   1007 |    975 |     32 |     66 |    769 |   2 |  503.5 |
               +--------+--------+--------+--------+--------+-----+--------+

Top non-repeatable levels by time:
     D:1: 744 daAuts
     D:2: 262 daAuts
